 Dungeon Crawl Stone Soup version 0.28.0-1-gb440e238dd (webtiles) character file.

Game seed: 4668168535090804105

5801 Ablot the Nimble (level 10, 0/79 HPs)
             Began as a Gnoll Warper on Feb 26, 2022.
             Was a Believer of Okawaru.
             Slain by a wyvern (13 damage)
             ... on level 8 of the Dungeon.
             The game lasted 00:19:39 (7504 turns).

Ablot the Nimble (Gnoll Warper)                     Turns: 7504, Time: 00:19:39

Health: 0/79       AC: 12    Str: 14    XL:     10   Next: 79%
Magic:  21/21      EV: 15    Int: 12    God:    Okawaru [**....]
Gold:   632        SH:  0    Dex: 13    Spells: 19/24 levels left

rFire   + . .      SeeInvis .   x - +0 dagger (venom)
rCold   . . .      Faith    .   (no shield)
rNeg    . . .      Spirit   .   D - +0 steam dragon scales
rPois   .          Reflect  .   L - +0 helmet
rElec   .          Harm     .   (no cloak)
rCorr   .          Rampage  .   q - +0 pair of gloves
Will    .....                   (no boots)
Stlth   +++.......              j - amulet of regeneration
HPRegen 1.03/turn               e - +4 ring of protection
MPRegen 0.17/turn               p - ring of protection from fire

@: lethally poisoned (0 -> -1), studying Dodging
A: fangs 1, strong nose, distributed training
a: Renounce Religion, Heroism


You were on level 8 of the Dungeon.
You worshipped Okawaru.
Okawaru was pleased with you.
You visited 2 branches of the dungeon, and saw 9 of its levels.

You collected 748 gold pieces.
You spent 116 gold pieces at shops.

Inventory:

Hand Weapons
 a - a +0 trident
 x - a +0 dagger of venom (weapon)
 A - a +2 dagger of holy wrath
 F - a +2 falchion of electrocution
Missiles
 d - 3 boomerangs
 f - 165 arrows
 g - 268 stones (quivered)
 l - 82 bolts
 E - 6 poisoned darts
 H - a throwing net
Armour
 q - a +0 pair of gloves (worn)
 D - +0 steam dragon scales (worn)
 L - a +0 helmet (worn)
Magical Staves
 w - a staff of air
 I - a staff of cold
Jewellery
 e - a +4 ring of protection (left hand)
 j - an amulet of regeneration (around neck)
 p - a ring of protection from fire (right hand)
 J - a ring of protection from fire
Wands
 b - a wand of polymorph (11)
 o - a wand of digging (4)
 z - a wand of paralysis (8)
Scrolls
 c - a scroll of blinking
 h - 2 scrolls of noise {unknown}
 i - 3 scrolls of amnesia {unknown}
 n - 5 scrolls of teleportation {unknown}
 u - 3 scrolls of summoning {unknown}
 v - 5 scrolls of identify {unknown}
 y - a scroll of brand weapon {unknown}
 C - a scroll of silence {unknown}
 G - a scroll of fog {unknown}
 K - a scroll of immolation {unknown}
Potions
 k - 4 potions of heal wounds
 m - 4 potions of degeneration {unknown}
 r - 5 potions of curing {unknown}
 s - 3 potions of flight {unknown}
 t - a potion of cancellation {unknown}
 B - 3 potions of ambrosia {unknown}


   Skills:
 + Level 7.3 Fighting
 + Level 5.6 Short Blades
 + Level 5.6 Long Blades
 + Level 5.6 Axes
 + Level 5.6 Maces & Flails
 + Level 7.3 Polearms
 + Level 5.6 Staves
 + Level 5.6 Slings
 + Level 5.6 Bows
 + Level 5.6 Crossbows
 + Level 6.2 Throwing
 + Level 6.2 Armour
 + Level 8.4 Dodging
 + Level 5.6 Stealth
 + Level 5.6 Shields
 + Level 5.6 Unarmed Combat
 + Level 7.6 Spellcasting
 + Level 4.6 Conjurations
 + Level 4.6 Hexes
 + Level 4.6 Summonings
 + Level 4.6 Necromancy
 + Level 7.2 Translocations
 + Level 4.6 Transmutations
 + Level 4.6 Fire Magic
 + Level 4.6 Ice Magic
 + Level 4.6 Air Magic
 + Level 4.6 Earth Magic
 + Level 4.6 Poison Magic
 + Level 6.1 Invocations
 + Level 5.6 Evocations


You had 19 spell levels left.
You knew the following spells:

 Your Spells              Type           Power      Damage    Failure   Level
a - Blink                 Tloc           44%        N/A       1%          2
b - Gell's Gravitas       Tloc           22%        N/A       2%          3

Your spell library contained the following spells:

 Spells                   Type           Power      Damage    Failure   Level
 Lesser Beckoning         Tloc           22%        N/A       2%          3
 Teleport Other           Tloc           22%        N/A       2%          3
 Manifold Assault         Tloc           22%        N/A       22%         5


Dungeon Overview and Level Annotations

Branches:
Dungeon (8/15)             Temple (1/1) D:7
   Lair: D:8-11

Altars:
Cheibriados
Dithmenos
Elyvilon
Fedhas
Gozag
Hepliaklqana
Kikubaaqudgha
Okawaru
Ru
Sif Muna
Trog
Uskayaw
Vehumet
Wu Jian
Xom
Yredelemnul
Zin

Shops:
D:3 (([:*

Annotations:
D:7 3 runed translucent doors, exclusion: 3 doors, Jaqob's ghost, novice HOFi
D:8 exclusions: orc warrior and wyvern


Innate Abilities, Weirdness & Mutations

You have very sharp teeth.
Your uncanny sense of smell can sniff out nearby items.
Your experience applies equally to all skills.


Message History

The water moccasin looks as sick as possible!
The water moccasin is almost dead.
You feel sick. The water moccasin bites you.
You are more poisoned.
The water moccasin poisons you!
You hit the water moccasin but do no damage.
The water moccasin looks as sick as possible!
The water moccasin is almost dead.
You feel very sick.
You kill the water moccasin!
Okawaru accepts your kill.
You hit the wyvern but do no damage.
The wyvern is poisoned.
You feel very sick. The wyvern bites you!
You barely miss the wyvern. You bite the wyvern, but do no damage.
The wyvern is lightly wounded.
You feel very sick. The wyvern misses you.
You hit the wyvern.
The wyvern looks even sicker.
Your bite misses the wyvern.
The wyvern is lightly wounded.
You feel very sick. The wyvern barely misses you.
You hit the wyvern but do no damage.
The wyvern looks as sick as possible!
The wyvern is moderately wounded.
You feel sick. The wyvern bites you.
You hit the wyvern but do no damage.
The wyvern looks as sick as possible!
The wyvern is heavily wounded.
You feel sick. The wyvern closely misses you.
You hit the wyvern.
The wyvern looks as sick as possible!
Your bite misses the wyvern.
The wyvern is heavily wounded.
You feel sick. The wyvern barely misses you.
You closely miss the wyvern.
The wyvern is severely wounded.
You feel sick. The wyvern bites you!
* * * LOW HITPOINT WARNING * * *
You closely miss the wyvern.
The wyvern is severely wounded.
You feel sick. The wyvern bites you!
You die...

..( ∆.#...........<......#... ..
##...#.#................#### .#
#.)..#.#......###.##........ .##
#..S...##......##.##.[......
..####.............##..# #.#...#
...##..........##### #.# ##......
...###.........# #.###.......
...............#######......#...#
...............l@...#.....#.##.##
...............##.......###.#....
...............###..<....#...##..
.....>.......### #..............#
...>........†.## ##..............
...)<..........# ##..............
...............###...............
................###.[............
................##.......#...#.##


You could see a wyvern (extremely poisoned).

Vanquished Creatures
  A two-headed ogre (D:6)
  A hornet (D:8)
  Sigmund (D:4)
  4 yaks (D:8)
  2 wyverns
  A steam dragon (D:6)
  A basilisk (D:7)
  2 water moccasins (D:8)
  2 black bears (D:7)
  4 ice beasts
  6 orc warriors
  An ogre (D:6)
  A necrophage (D:4)
  A sky beast (D:7)
  4 centaurs
  3 bullfrogs
  2 wyvern zombies (D:6)
  2 scorpions (D:5)
  A wyvern skeleton (D:7)
  9 killer bees
  A howler monkey (D:5)
  A bullfrog zombie (D:6)
  4 centaur zombies
  3 hounds
  2 jellies
  An orc priest (D:3)
  5 centaur skeletons
  2 iguanas
  5 orc wizards
  Ijyb (D:5)
  2 hound skeletons (D:4)
  A hound zombie (D:5)
  A howler monkey skeleton (D:7)
  5 adders
  2 white imps (D:6)
  An ufetubus (D:5)
  A worm (D:2)
  2 dart slugs (D:1)
  32 orcs
  6 ball pythons
  4 endoplasms
  A giant cockroach (D:4)
  5 goblins
  9 hobgoblins
  5 kobolds
  11 quokkas
  6 bats
  3 frilled lizards
  10 rats
181 creatures vanquished.

Vanquished Creatures (others)
  A ball python (D:1)
  3 fungi (D:8)
  26 plants
30 creatures vanquished.

Grand Total: 211 creatures vanquished

Notes
Turn   | Place    | Note
-------+----------+-------------------------------------------
     0 | D:1      | Ablot the Gnoll Warper began the quest for the Orb.
     0 | D:1      | Reached XP level 1. HP: 20/20 MP: 6/6
   242 | D:1      | Reached XP level 2. HP: 26/26 MP: 7/7
   245 | D:1      | Learned a level 2 spell: Blink
   767 | D:1      | Reached XP level 3. HP: 27/31 MP: 9/9
   834 | D:1      | Reached skill level 5 in Spellcasting
  1491 | D:2      | Reached skill level 1 in Invocations
  1665 | D:2      | You fall into a shaft and drop 2 floors!
  1665 | D:4      | Found a white marble altar of Elyvilon.
  1667 | D:4      | Became a worshipper of Elyvilon the Healer
  1686 | D:4      | Noticed an orc warrior
  1688 | D:4      | Noticed Sigmund
  1917 | D:2      | Reached skill level 1 in Short Blades
  1917 | D:2      | Reached skill level 1 in Long Blades
  1917 | D:2      | Reached skill level 1 in Axes
  1917 | D:2      | Reached skill level 1 in Maces & Flails
  1917 | D:2      | Reached skill level 1 in Staves
  1917 | D:2      | Reached skill level 1 in Slings
  1917 | D:2      | Reached skill level 1 in Bows
  1917 | D:2      | Reached skill level 1 in Crossbows
  1917 | D:2      | Reached skill level 1 in Stealth
  1917 | D:2      | Reached skill level 1 in Shields
  1917 | D:2      | Reached skill level 1 in Unarmed Combat
  1917 | D:2      | Reached skill level 1 in Evocations
  2035 | D:3      | Reached XP level 4. HP: 38/38 MP: 11/11
  2049 | D:3      | Found Godinies's Book Shoppe.
  2077 | D:3      | Reached * piety under Elyvilon
  2080 | D:3      | Found a faded altar of an unknown god.
  2081 | D:3      | Found Unogi's Weapon Shop.
  2097 | D:3      | Reached skill level 1 in Conjurations
  2097 | D:3      | Reached skill level 1 in Hexes
  2097 | D:3      | Reached skill level 1 in Summonings
  2097 | D:3      | Reached skill level 1 in Necromancy
  2097 | D:3      | Reached skill level 1 in Transmutations
  2097 | D:3      | Reached skill level 1 in Fire Magic
  2097 | D:3      | Reached skill level 1 in Ice Magic
  2097 | D:3      | Reached skill level 1 in Air Magic
  2097 | D:3      | Reached skill level 1 in Earth Magic
  2097 | D:3      | Reached skill level 1 in Poison Magic
  2131 | D:3      | Found Upsek's Assorted Antiques.
  2182 | D:3      | Bought a metallic black potion for 14 gold pieces
  2182 | D:3      | Bought a scroll labelled AFFIEDE BAUHIHO for 16 gold pieces
  2182 | D:3      | Bought a fizzy yellow potion for 14 gold pieces
  2182 | D:3      | Bought a sapphire potion for 14 gold pieces
  2182 | D:3      | Bought 2 smoky green potions for 28 gold pieces
  2182 | D:3      | Bought a scroll labelled VONEKKO VUNG for 16 gold pieces
  2182 | D:3      | Bought a sapphire potion for 14 gold pieces
  2220 | D:3      | Found Noaraise's Antique Armour Shop.
  2251 | D:3      | Found Murrucor's Weapon Shoppe.
  2337 | D:3      | Found a radiant altar of Vehumet.
  2337 | D:3      | Found a shimmering blue altar of Sif Muna.
  2411 | D:3      | Reached XP level 5. HP: 38/40 MP: 12/12
  2600 | D:4      | Found a blossoming altar of Fedhas.
  2670 | D:4      | Noticed a necrophage
  2684 | D:4      | Killed a necrophage
  2685 | D:4      | Reached XP level 6. HP: 28/50 MP: 13/13
  2743 | D:4      | Killed Sigmund
  2744 | D:4      | Reached skill level 5 in Fighting
  2744 | D:4      | Reached skill level 5 in Polearms
  2744 | D:4      | Reached skill level 5 in Dodging
  2809 | D:4      | Reached XP level 7. HP: 56/56 MP: 15/15
  2989 | D:4      | Elyvilon protects you from harm!
  3110 | D:5      | Entered Level 5 of the Dungeon
  3340 | D:5      | Reached ** piety under Elyvilon
  3354 | D:5      | Found a basalt altar of Yredelemnul.
  3600 | D:5      | Noticed Ijyb
  3609 | D:5      | Paralysed by Ijyb for 7 turns
  3623 | D:5      | Killed Ijyb
  3624 | D:5      | Reached XP level 8. HP: 47/63 MP: 16/16
  3881 | D:6      | Noticed a two-headed ogre
  4119 | D:6      | Killed a two-headed ogre
  4120 | D:6      | Reached skill level 6 in Dodging
  4120 | D:6      | Reached XP level 9. HP: 69/69 MP: 18/18
  4192 | D:6      | Found a shimmering altar of Xom.
  4487 | D:6      | Reached skill level 5 in Throwing
  4487 | D:6      | Reached skill level 5 in Armour
  4868 | D:6      | Reached skill level 7 in Dodging
  4868 | D:6      | Reached skill level 5 in Invocations
  5415 | D:7      | Reached *** piety under Elyvilon
  5547 | D:7      | Noticed Jaqob's ghost (novice HOFi)
  5552 | D:7      | Found a runed translucent gate.
  5552 | D:7      | Found a runed translucent gate.
  5552 | D:7      | Found a runed translucent gate.
  5631 | D:7      | Found a shadowy altar of Dithmenos.
  5666 | D:7      | Found a sacrificial altar of Ru.
  5677 | D:7      | Reached XP level 10. HP: 77/77 MP: 20/20
  6169 | D:7      | Reached skill level 5 in Short Blades
  6169 | D:7      | Reached skill level 5 in Long Blades
  6169 | D:7      | Reached skill level 5 in Axes
  6169 | D:7      | Reached skill level 5 in Maces & Flails
  6169 | D:7      | Reached skill level 5 in Staves
  6169 | D:7      | Reached skill level 5 in Slings
  6169 | D:7      | Reached skill level 5 in Bows
  6169 | D:7      | Reached skill level 5 in Crossbows
  6169 | D:7      | Reached skill level 5 in Stealth
  6169 | D:7      | Reached skill level 5 in Shields
  6169 | D:7      | Reached skill level 5 in Unarmed Combat
  6169 | D:7      | Reached skill level 5 in Evocations
  6369 | D:7      | Found a staircase to the Ecumenical Temple.
  6398 | Temple   | Entered the Ecumenical Temple
  6528 | Temple   | Fell from the grace of Elyvilon
  6528 | Temple   | Became a worshipper of Warmaster Okawaru
  6533 | Temple   | Learned a level 3 spell: Gell's Gravitas
  6998 | D:7      | Reached * piety under Okawaru
  7081 | D:7      | Reached skill level 8 in Dodging
  7406 | D:8      | Reached ** piety under Okawaru
  7504 | D:8      | Slain by a wyvern

Illustrated notes

Levels and vault maps discovered:
D:1:      dpeg_arrival_ternary, layout_loops_ring, chequers_big_river,
          lemuel_flame_loot_1
D:2:      layout_loops_cross, hex_medium
D:3:      layout_rooms, gammafunk_temple_overflow_elements, serial_shops,
          nicolae_shop_bloodbath_and_beyond, nicolae_lakefront_shop,
          nicolae_shop_overgrown_old_shop, nicolae_shop_statue_plus,
          nicolae_shop_hallway_plus, ebering_ecumenical_altar_sacrificial,
          kennysheep_generic_room_11
D:4:      layout_rooms, fedhas_altar_1, lemuel_coloured_pillars_altar,
          uniq_sigmund
D:5:      layout_basic, mainiacjoe_overflow_24_doors, uniq_ijyb
D:6:      minmay_polygon_palace, layout_loops_ring,
          mainiacjoe_overflow_surrounded_room, kennysheep_generic_room_14
D:7:      layout_loops_ring, nicolae_ru_great_annihilating_truth,
          nicolae_dithmenos_shadow_blocks, temple_pool_b, gammafunk_ghost_split
D:8:      layout_cave_pools, nemelex_diamond_rough_becter, jmf_multi_god_temple,
          minmay_lair_entry_grove
Temple:   nicolae_temple_figure_zero

Skill      XL: |  1  2  3  4  5  6  7  8  9 10 |
---------------+-------------------------------+-----
Spellcasting   | 5 6 7 |  7.6
Invocations    | 1 2 3 4 5 6 |  6.1
Short Blades   | 1 2 3 4 5 |  5.6
Long Blades    | 1 2 3 4 5 |  5.6
Axes           | 1 2 3 4 5 |  5.6
Maces & Flails | 1 2 3 4 5 |  5.6
Staves         | 1 2 3 4 5 |  5.6
Slings         | 1 2 3 4 5 |  5.6
Bows           | 1 2 3 4 5 |  5.6
Crossbows      | 1 2 3 4 5 |  5.6
Stealth        | 1 2 3 4 5 |  5.6
Shields        | 1 2 3 4 5 |  5.6
Unarmed Combat | 1 2 3 4 5 |  5.6
Evocations     | 1 2 3 4 5 |  5.6
Conjurations   | 1 2 3 4 |  4.6
Hexes          | 1 2 3 4 |  4.6
Summonings     | 1 2 3 4 |  4.6
Necromancy     | 1 2 3 4 |  4.6
Transmutations | 1 2 3 4 |  4.6
Fire Magic     | 1 2 3 4 |  4.6
Ice Magic      | 1 2 3 4 |  4.6
Air Magic      | 1 2 3 4 |  4.6
Earth Magic    | 1 2 3 4 |  4.6
Poison Magic   | 1 2 3 4 |  4.6
Throwing       | 3 4 5 6 |  6.2
Armour         | 3 4 5 6 |  6.2
Fighting       | 5 6 7 |  7.3
Polearms       | 5 6 7 |  7.3
Dodging        | 5 6 7 8 |  8.4
Translocations | 6 7 |  7.2

Action                   |  1- 3 |  4- 6 |  7- 9 | 10-12 || total
-------------------------+-------+-------+-------+-------++-------
Melee: Spear             |   173 |    89 |       |       ||   262
       Bite              |    15 |    12 |    62 |    45 ||   134
       Punch             |     2 |     1 |    18 |    17 ||    38
       Trident           |       |    61 |    65 |       ||   126
       Dagger            |       |     7 |   397 |   411 ||   815
Throw: Boomerang         |     1 |       |     4 |       ||     5
 Cast: Blink             |     1 |       |     3 |       ||     4
Evoke: Wand              |       |       |     2 |       ||     2
  Use: Potion            |       |     1 |       |       ||     1
 Stab: Sleeping          |     5 |       |     2 |       ||     7
       Paralysed         |       |       |     3 |     1 ||     4
       Distracted        |       |       |     1 |       ||     1
Armor: Leather armour    |    44 |    43 |   108 |       ||   195
       Steam dragon scal |       |       |    41 |   129 ||   170
Dodge: Dodged            |    93 |    83 |   309 |   309 ||   794
